 Dungeon Crawl Stone Soup version 0.22-a0-407-gb098539 (webtiles) character file.

29 dstrtnsr the Chopper (level 3, 33/33 HPs)
             Began as a Hill Orc Berserker on May 10, 2018.
             Was a Follower of Trog.
             Quit the game on level 2 of the Dungeon.
             The game lasted 00:00:50 (889 turns).

dstrtnsr the Chopper (Hill Orc Berserker)            Turns: 889, Time: 00:00:51

Health: 33/33      AC:  2    Str: 20    XL:     3   Next: 16%
Magic:  3/3        EV: 12    Int:  7    God:    Trog [*.....]
Gold:   10         SH:  0    Dex: 10    Spells: 2/2 levels left

rFire    . . .     SeeInvis .   a - +0 hand axe
rCold    . . .     Gourm    .   (no shield)
rNeg     . . .     Faith    .   b - +0 animal skin
rPois    .         Spirit   .   (no helmet)
rElec    .         Reflect  .   (no cloak)
rCorr    .         Harm     .   (no gloves)
MR       .....                  (no boots)
Stlth    +.........             (no amulet)
HPRegen  0.11/turn              (no ring)
MPRegen  0.08/turn              (no ring)

@: no status effects
A: no striking features
a: Berserk, Renounce Religion


You were on level 2 of the Dungeon.
You worshipped Trog.
Trog was aware of your devotion.
You were hungry.

You visited 1 branch of the dungeon, and saw 2 of its levels.

You collected 10 gold pieces.

Inventory:

Hand Weapons
 a - a +0 hand axe (weapon)
Armour
 b - a +0 animal skin (worn)
Scrolls
 c - a scroll of blinking {unknown}
 d - a scroll of identify {unknown}
 f - a scroll of remove curse {unknown}
 g - a scroll of fog {unknown}
 i - a scroll of magic mapping {unknown}
Potions
 h - a potion of magic {unknown}
Comestibles
 e - a ration {!d}


   Skills:
 + Level 4.1 Fighting
 * Level 5.1 Axes
 - Level 2.1 Armour
 - Level 1.5 Dodging


You had 2 spell levels left.
You didn't know any spells.

Dungeon Overview and Level Annotations

Branches:
Dungeon (2/15)

Altars:


Message History

You feel your anger nearly subside.
You see here an adder corpse.
You butcher the adder corpse.
You are no longer berserk.
You are exhausted.
You feel yourself slow down.
You feel sick.
c - 7 chunks of flesh (gained 2)
There isn't anything here!
There isn't anything here!
You don't know any spells.
You start resting.
You feel sick. x5
You are no longer poisoned.
Some of the chunks of flesh in your inventory have rotted away.
You feel yourself speed up.
Key pressed, stopping explore.
You don't know any spells.
You start resting.
You recover from your berserk rage.
You start resting.
You start resting.
You start resting.
Some of the chunks of flesh in your inventory have rotted away.
HP restored.
You now have 10 gold pieces.
Key pressed, stopping explore.
You start waiting.
f - a scroll labeled IMMAURPH TONTEPHI
g - a scroll labeled ZOBUAR PITEJ You start waiting.
All of the chunks of flesh in your inventory have rotted away.
c - a scroll labeled RAUGISHRU OSIPH
Found a dagger.
h - an emerald potion An adder comes into view.
The adder hisses angrily.
An adder is nearby!
The adder closely misses you.
You hit the adder but do no damage. The adder barely misses you.
You closely miss the adder. The adder closely misses you.
You slash the adder!
The adder is severely wounded.
The adder bites you. The adder completely misses you.
You miss the adder.
The adder is heavily wounded.
The adder bites you.
You hit the adder.
The adder is severely wounded.
The adder bites you but does no damage.
You miss the adder.
The adder is severely wounded.
The adder bites you. The adder closely misses you.
You closely miss the adder.
The adder is severely wounded.
The adder bites you.
You closely miss the adder.
The adder is severely wounded.
The adder barely misses you.
You hit the adder.
The adder is severely wounded.
The adder closely misses you. The adder misses you.
You hit the adder but do no damage.
The adder is severely wounded.
The adder bites you but does no damage.
You barely miss the adder.
The adder is severely wounded.
The adder misses you. The adder bites you.
You are poisoned.
The adder poisons you!
You barely miss the adder.
The adder is severely wounded.
You feel sick. The adder bites you.
You are more poisoned.
The adder poisons you!
You hit the adder.
The adder is almost dead.
You feel sick. The adder barely misses you.
You hit the adder.
You kill the adder!
Trog accepts your kill.
Your Axes skill increases to level 5!
You have reached level 3!
Your experience leads to an increase in your attributes!
Increase (S)trength, (I)ntelligence, or (D)exterity?
Uppercase letters only, please.
Uppercase letters only, please.
Uppercase letters only, please.
You feel stronger.
You feel sick.
i - a scroll labeled YSMIHA NIST You feel sick.
There isn't anything here!
There isn't anything here!
You start resting.
You feel sick. x9
You are no longer poisoned.
You start resting.
You start resting.
You are feeling hungry.
You start resting.
HP restored.
Are you sure you want to abandon this character and quit the game? (Confirm with "yes".)

#..........#######
#.####...>........
#.#####+#.........
#.................
#.#####.#.######## #.#
#.#......... #.#
#.#.........
#######.#####.#.........
#......@......#.........
#.#####)#######.########
... ...# #..## ###.#
#..# #. #..# .... #..#


There were no monsters in sight!

Vanquished Creatures
  2 adders (D:2)
  A giant cockroach (D:2)
  3 goblins (D:1)
  2 hobgoblins
  A kobold (D:2)
  A quokka (D:2)
10 creatures vanquished.

Notes
Turn   | Place    | Note
-------+----------+-------------------------------------------
     0 | D:1      | dstrtnsr the Hill Orc Berserker began the quest for the Orb.
     0 | D:1      | Reached XP level 1. HP: 19/19 MP: 1/1
   310 | D:2      | Reached XP level 2. HP: 27/27 MP: 2/2
   624 | D:2      | Reached skill level 5 in Axes
   624 | D:2      | Reached XP level 3. HP: 14/33 MP: 3/3
   626 | D:2      | HP: 13/33 [poisoned by an adder]
   631 | D:2      | HP: 10/33 [poisoned by an adder]
   636 | D:2      | HP: 9/33 [poisoned by an adder]
   643 | D:2      | HP: 8/33 [poisoned by an adder]
   651 | D:2      | HP: 7/33 [poisoned by an adder]
   889 | D:2      | Quit the game

Vault maps used:
D:1:      matt_arrival_spirals, minmay_box_of_dots

Skill      XL: |  1  2 |
---------------+-------+-----
Fighting       | 4 |  4.1
Axes           | 5 |  5.1
Armour         | |  2.1
Dodging        | |  1.5

Action                   || total
-------------------------++-------
Melee: Hand axe          ||    43
Invok: Berserk           ||     1
 Stab: Sleeping          ||     1
Armor: Animal skin       ||     5
Dodge: Dodged            ||    24

Table legend:
 A = Spawn XP
 B = Non-spawn XP
 C = Spawn XP percentage of total XP
 D = Spawn monster count
 E = Non-spawn monster count
 F = Spawn count percentage of total count
 G = Total turns spent on level
                    A         B        C        D         E        F      G
               +---------+---------+-------+---------+---------+-------+---------
         Total |       0 |      42 |   0.0 |       0 |      10 |   0.0 |   889
               +---------+---------+-------+---------+---------+-------+---------
           D:1 |       0 |       7 |   0.0 |       0 |       4 |   0.0 |   252
           D:2 |       0 |      35 |   0.0 |       0 |       6 |   0.0 |   637
               +---------+---------+-------+---------+---------+-------+---------
